General information
- name: BNet
- type: Ladder team game (AT/RT)
- host: Battle.net
- saver: Legionary
map: MarketSquare
- players: 8
- length: 72:07
- speed: Fast
- version: 1.26 W3XP
- replay type: Public
» download(408 KB)
Players
team 1 (loser)
EvErY-RaCe (
teal | 65 APM | 4668 actions | 72:07)
6 Archmage
3 Blizzard
2 Brilliance Aura
1 Mass Teleport
7 Paladin
3 Holy Light
3 Divine Shield
1 Devotion Aura
6 Mountain King
3 Storm Bolt
2 Bash
1 Avatar
» actions
| Assign group hotkey | 30 | |
| Basic commands | 379 | |
| Build / train | 97 | |
| Enter build submenu | 25 | |
| Enter hero's abilities submenu | 21 | |
| Give item / drop item | 5 | |
| Remove unit from queue | 4 | |
| Right click | 2013 | |
| Select / deselect | 901 | |
| Select group hotkey | 901 | |
| Use ability | 289 | |
4668 total
» units
| Peasant | 28 | |
| Footman | 5 | |
| Dragonhawk Rider | 8 | |
| Gryphon Rider | 3 | |
44 total
» upgrades
| Lumber Harvesting | 2 | |
| Armor | 1 | |
| Cloud | 1 | |
4 total
» buildings
| Altar of Kings | 1 | |
| Barracks | 1 | |
| Farm | 9 | |
| Arcane Vault | 2 | |
| Scout Tower | 13 | |
| Keep | 1 | |
| Arcane Tower | 1 | |
| Blacksmith | 1 | |
| Lumber Mill | 1 | |
| Castle | 1 | |
| Town Hall | 1 | |
| Gryphon Aviary | 3 | |
| Guard Tower | 7 | |
42 total
» build order
00:16 Altar of Kings
00:24 Barracks
00:39 Farm
01:12 Farm
01:33 Farm
01:49 Arcane Vault
01:54 Arcane Vault
02:33 Farm
03:42 Scout Tower
04:31 Keep
04:32 Arcane Tower
04:37 Farm
04:42 Blacksmith
06:31 Lumber Mill
06:59 Castle
07:31 Town Hall
07:43 Gryphon Aviary
07:46 Gryphon Aviary
07:48 Gryphon Aviary
09:53 Scout Tower
09:54 Scout Tower
09:54 Scout Tower
09:55 Scout Tower
09:55 Scout Tower
10:28 Guard Tower
10:30 Scout Tower
10:30 Scout Tower
10:54 Guard Tower
11:01 Guard Tower
11:55 Guard Tower
12:31 Farm
12:31 Farm
12:32 Farm
12:33 Farm
15:27 Scout Tower
15:29 Scout Tower
15:32 Scout Tower
15:34 Scout Tower
17:24 Guard Tower
17:26 Guard Tower
» items
| Lesser Clarity Potion | 2 | |
| Scroll of Town Portal | 4 | |
| Potion of Healing | 1 | |
| Scroll of Regeneration | 1 | |
| Orb of Fire | 1 | |
| Boots of Speed | 1 | |
| Staff of Teleportation | 2 | |
12 total
Legionary (
blue | 82 APM | 5928 actions | 72:07)
10 Blood Mage
3 Flame Strike
3 Siphon Mana
1 Summon Phoenix
3 Banish
» actions
| Assign group hotkey | 63 | |
| Basic commands | 299 | |
| Build / train | 320 | |
| ESC pressed | 51 | |
| Enter build submenu | 119 | |
| Enter hero's abilities submenu | 10 | |
| Give item / drop item | 3 | |
| Remove unit from queue | 1 | |
| Right click | 2026 | |
| Select / deselect | 821 | |
| Select group hotkey | 1585 | |
| Use ability | 630 | |
5928 total
» units
| Peasant | 50 | |
| Footman | 18 | |
| Sorceress | 7 | |
| Dragonhawk Rider | 15 | |
| Gryphon Rider | 5 | |
| Flying Machine | 1 | |
| Siege Engine | 2 | |
| Knight | 1 | |
| Spell Breaker | 2 | |
| Rifleman | 1 | |
102 total
» upgrades
| Masonry | 3 | |
| Defend | 1 | |
| Sorceress Training | 2 | |
| Magic Sentry | 1 | |
| Plating | 3 | |
| Lumber Harvesting | 2 | |
| Swords | 3 | |
| Cloud | 1 | |
| Storm Hammers | 1 | |
| Barrage | 1 | |
| Flak Cannons | 1 | |
| Flying Machine Bombs | 1 | |
| Armor | 3 | |
| Animal War Training | 1 | |
| Gunpowder | 3 | |
| Fragmentation Shards | 1 | |
| Flare | 1 | |
| Long Rifles | 1 | |
| Backpack | 1 | |
| Priest Training | 2 | |
| Control Magic | 1 | |
34 total
» buildings
| Barracks | 1 | |
| Altar of Kings | 1 | |
| Farm | 10 | |
| Town Hall | 5 | |
| Scout Tower | 84 | |
| Lumber Mill | 1 | |
| Arcane Tower | 23 | |
| Arcane Vault | 1 | |
| Guard Tower | 63 | |
| Keep | 2 | |
| Arcane Sanctum | 1 | |
| Castle | 5 | |
| Blacksmith | 1 | |
| Workshop | 3 | |
| Gryphon Aviary | 4 | |
| Cannon Tower | 22 | |
227 total
» build order
00:18 Barracks
00:19 Altar of Kings
00:22 Farm
00:57 Farm
01:41 Farm
02:29 Farm
03:37 Town Hall
05:01 Scout Tower
05:10 Lumber Mill
05:20 Scout Tower
05:30 Arcane Tower
05:30 Arcane Tower
05:58 Scout Tower
05:59 Scout Tower
06:00 Scout Tower
06:03 Scout Tower
06:09 Arcane Tower
06:09 Arcane Tower
06:13 Arcane Vault
06:25 Scout Tower
06:29 Guard Tower
06:29 Guard Tower
06:31 Guard Tower
06:31 Guard Tower
06:49 Scout Tower
06:51 Scout Tower
07:19 Guard Tower
07:27 Keep
07:49 Guard Tower
07:49 Guard Tower
07:49 Guard Tower
07:49 Guard Tower
09:43 Scout Tower
10:31 Arcane Tower
10:32 Arcane Tower
10:32 Arcane Tower
10:36 Scout Tower
10:39 Scout Tower
10:40 Scout Tower
10:41 Scout Tower
10:42 Scout Tower
10:42 Scout Tower
10:46 Scout Tower
10:48 Scout Tower
10:54 Arcane Sanctum
11:00 Scout Tower
11:02 Scout Tower
11:04 Scout Tower
11:04 Scout Tower
11:05 Scout Tower
11:09 Scout Tower
11:11 Scout Tower
11:13 Guard Tower
11:14 Guard Tower
11:15 Guard Tower
11:15 Guard Tower
11:16 Guard Tower
11:56 Guard Tower
11:56 Guard Tower
12:30 Castle
12:30 Castle
12:30 Castle
12:40 Blacksmith
14:18 Workshop
14:19 Workshop
14:20 Workshop
15:01 Gryphon Aviary
15:04 Gryphon Aviary
15:06 Gryphon Aviary
15:38 Gryphon Aviary
19:30 Farm
19:32 Farm
19:34 Farm
19:34 Farm
20:40 Farm
20:42 Farm
24:05 Scout Tower
24:05 Scout Tower
24:06 Scout Tower
24:07 Scout Tower
24:08 Scout Tower
24:10 Scout Tower
31:45 Scout Tower
31:46 Scout Tower
31:48 Scout Tower
31:48 Scout Tower
31:49 Scout Tower
31:50 Scout Tower
31:51 Scout Tower
31:57 Scout Tower
31:58 Scout Tower
31:58 Scout Tower
31:59 Scout Tower
32:00 Scout Tower
32:33 Town Hall
32:57 Guard Tower
32:58 Guard Tower
36:09 Town Hall
36:12 Scout Tower
36:13 Scout Tower
36:13 Scout Tower
36:14 Scout Tower
36:15 Scout Tower
36:17 Scout Tower
36:17 Scout Tower
36:18 Scout Tower
36:18 Scout Tower
36:19 Scout Tower
36:48 Guard Tower
36:49 Guard Tower
36:52 Guard Tower
36:53 Guard Tower
36:53 Guard Tower
37:09 Arcane Tower
37:09 Arcane Tower
37:12 Scout Tower
37:12 Scout Tower
37:13 Scout Tower
37:14 Scout Tower
38:14 Guard Tower
38:15 Guard Tower
38:15 Guard Tower
38:39 Guard Tower
38:39 Guard Tower
38:39 Guard Tower
38:46 Scout Tower
38:48 Scout Tower
38:49 Scout Tower
38:50 Scout Tower
38:52 Scout Tower
38:53 Scout Tower
38:59 Scout Tower
39:08 Arcane Tower
39:09 Arcane Tower
39:25 Cannon Tower
39:25 Cannon Tower
39:33 Cannon Tower
39:33 Cannon Tower
39:33 Cannon Tower
39:45 Guard Tower
39:46 Guard Tower
40:18 Scout Tower
40:19 Scout Tower
40:20 Scout Tower
40:22 Scout Tower
40:26 Scout Tower
40:45 Cannon Tower
40:45 Cannon Tower
40:45 Cannon Tower
40:48 Cannon Tower
40:48 Cannon Tower
40:48 Cannon Tower
41:01 Cannon Tower
41:01 Cannon Tower
41:01 Cannon Tower
41:01 Cannon Tower
41:12 Cannon Tower
41:13 Cannon Tower
41:13 Cannon Tower
45:55 Scout Tower
45:55 Scout Tower
45:57 Scout Tower
45:57 Scout Tower
45:59 Scout Tower
45:59 Scout Tower
46:00 Scout Tower
47:23 Guard Tower
47:24 Guard Tower
47:24 Guard Tower
47:41 Guard Tower
48:06 Town Hall
49:19 Scout Tower
49:19 Scout Tower
49:20 Scout Tower
49:25 Scout Tower
49:30 Scout Tower
49:33 Scout Tower
49:36 Scout Tower
49:38 Scout Tower
50:12 Guard Tower
50:12 Guard Tower
50:28 Arcane Tower
50:28 Arcane Tower
50:28 Arcane Tower
53:09 Town Hall
63:27 Guard Tower
63:28 Guard Tower
63:28 Guard Tower
» items
| Boots of Speed | 1 | |
| Periapt of Vitality | 1 | |
| Staff of Teleportation | 1 | |
| Potion of Invisibility | 5 | |
| Scroll of Regeneration | 10 | |
| Lesser Clarity Potion | 4 | |
| Scroll of Town Portal | 8 | |
| Orb of Fire | 1 | |
| Staff of Sanctuary | 1 | |
| Potion of Healing | 1 | |
33 total

»
monkeypaw (
red | 36 APM | 716 actions | 19:53)
5 Archmage
2 Summon Water Elemental
3 Brilliance Aura
» actions
| Assign group hotkey | 60 | |
| Basic commands | 41 | |
| Build / train | 64 | |
| Enter build submenu | 23 | |
| Enter hero's abilities submenu | 5 | |
| Give item / drop item | 1 | |
| Right click | 142 | |
| Select / deselect | 177 | |
| Select group hotkey | 155 | |
| Use ability | 48 | |
716 total
» units
| Peasant | 9 | |
| Rifleman | 16 | |
| Priest | 5 | |
| Mortar Team | 4 | |
34 total
» upgrades
| Gunpowder | 3 | |
| Armor | 3 | |
| Masonry | 2 | |
| Long Rifles | 1 | |
| Priest Training | 2 | |
| Lumber Harvesting | 1 | |
| Fragmentation Shards | 1 | |
| Flare | 1 | |
| Plating | 1 | |
15 total
» buildings
| Altar of Kings | 1 | |
| Farm | 13 | |
| Blacksmith | 1 | |
| Barracks | 1 | |
| Lumber Mill | 1 | |
| Arcane Vault | 1 | |
| Keep | 1 | |
| Scout Tower | 5 | |
| Arcane Sanctum | 1 | |
| Workshop | 1 | |
| Guard Tower | 5 | |
| Castle | 1 | |
32 total
» build order
00:27 Altar of Kings
00:41 Farm
00:55 Blacksmith
01:45 Barracks
02:10 Farm
02:12 Farm
02:14 Farm
02:27 Lumber Mill
03:06 Farm
03:25 Arcane Vault
04:46 Keep
05:41 Farm
05:58 Scout Tower
06:01 Scout Tower
07:08 Arcane Sanctum
07:43 Workshop
07:51 Guard Tower
08:01 Guard Tower
08:34 Farm
08:35 Farm
08:42 Farm
08:43 Farm
10:11 Castle
11:34 Scout Tower
11:38 Scout Tower
11:42 Scout Tower
13:53 Guard Tower
14:04 Guard Tower
15:58 Guard Tower
16:30 Farm
17:03 Farm
17:05 Farm
» items
| Scroll of Regeneration | 1 | |
| Scroll of Town Portal | 1 | |
2 total
ramen_noobles (
yellow | 20 APM | 1457 actions | 72:07)
» actions
| Assign group hotkey | 3 | |
| Basic commands | 9 | |
| Build / train | 81 | |
| Enter build submenu | 71 | |
| Right click | 789 | |
| Select / deselect | 411 | |
| Select group hotkey | 13 | |
| Use ability | 80 | |
1457 total
» units
» upgrades
» buildings
| Farm | 28 | |
| Lumber Mill | 2 | |
| Scout Tower | 33 | |
| Arcane Tower | 9 | |
| Guard Tower | 13 | |
| Blacksmith | 1 | |
| Keep | 1 | |
| Workshop | 3 | |
| Cannon Tower | 2 | |
92 total
» build order
00:20 Farm
00:24 Lumber Mill
01:04 Scout Tower
01:23 Scout Tower
01:40 Scout Tower
01:50 Arcane Tower
01:58 Scout Tower
02:06 Guard Tower
02:15 Scout Tower
02:30 Scout Tower
02:48 Scout Tower
02:51 Guard Tower
03:07 Scout Tower
03:18 Arcane Tower
03:25 Scout Tower
03:36 Arcane Tower
03:38 Guard Tower
03:42 Scout Tower
03:51 Arcane Tower
03:54 Guard Tower
03:57 Arcane Tower
04:02 Scout Tower
04:13 Guard Tower
04:20 Scout Tower
04:35 Farm
04:39 Farm
04:45 Farm
04:52 Scout Tower
04:59 Scout Tower
05:08 Guard Tower
05:11 Guard Tower
05:20 Farm
05:24 Scout Tower
05:25 Guard Tower
05:29 Farm
05:44 Scout Tower
05:51 Lumber Mill
05:57 Scout Tower
06:17 Farm
06:21 Farm
06:36 Scout Tower
07:04 Arcane Tower
07:15 Scout Tower
07:38 Guard Tower
07:41 Arcane Tower
07:45 Guard Tower
07:48 Arcane Tower
07:49 Arcane Tower
07:56 Farm
07:58 Farm
08:15 Farm
08:52 Farm
08:55 Farm
09:06 Farm
09:35 Farm
09:37 Farm
09:40 Farm
09:46 Farm
09:51 Farm
09:56 Farm
10:15 Blacksmith
10:16 Keep
10:26 Farm
10:31 Farm
10:36 Farm
10:42 Farm
10:50 Farm
10:59 Farm
11:14 Farm
11:18 Farm
12:56 Workshop
13:02 Workshop
13:06 Workshop
33:43 Scout Tower
33:45 Scout Tower
33:48 Scout Tower
33:52 Scout Tower
33:55 Scout Tower
33:59 Scout Tower
34:03 Scout Tower
34:06 Scout Tower
34:09 Scout Tower
34:12 Scout Tower
34:14 Scout Tower
34:17 Scout Tower
34:22 Scout Tower
34:26 Scout Tower
34:40 Cannon Tower
34:59 Cannon Tower
45:16 Guard Tower
45:18 Guard Tower
45:20 Guard Tower
team 2 (winner)
lIShreborn (
green | 41 APM | 2311 actions | 56:58)
10 Mountain King
3 Storm Bolt
3 Bash
1 Avatar
3 Thunder Clap
» actions
| Basic commands | 25 | |
| Build / train | 77 | |
| ESC pressed | 3 | |
| Enter build submenu | 54 | |
| Enter hero's abilities submenu | 10 | |
| Give item / drop item | 2 | |
| Remove unit from queue | 1 | |
| Right click | 1357 | |
| Select / deselect | 563 | |
| Use ability | 219 | |
2311 total
» units
| Peasant | 18 | |
| Rifleman | 4 | |
| Gryphon Rider | 6 | |
| Dragonhawk Rider | 9 | |
| Troll Headhunter/Berserker | 2 | |
39 total
» upgrades
| Long Rifles | 1 | |
| Swords | 3 | |
| Armor | 3 | |
| Storm Hammers | 1 | |
| Cloud | 1 | |
| Magic Sentry | 1 | |
10 total
» buildings
| Farm | 18 | |
| Altar of Kings | 1 | |
| Barracks | 1 | |
| Lumber Mill | 1 | |
| Blacksmith | 1 | |
| Keep | 2 | |
| Castle | 1 | |
| Gryphon Aviary | 3 | |
| Arcane Vault | 1 | |
| Town Hall | 3 | |
| Scout Tower | 25 | |
| Arcane Sanctum | 1 | |
| Guard Tower | 4 | |
| Watch Tower | 1 | |
63 total
» build order
00:25 Farm
00:39 Altar of Kings
00:53 Barracks
01:08 Farm
01:20 Lumber Mill
02:17 Blacksmith
02:28 Farm
02:33 Farm
02:37 Farm
02:39 Farm
03:16 Keep
03:23 Farm
03:25 Farm
03:26 Farm
03:28 Farm
05:46 Castle
05:51 Gryphon Aviary
05:52 Gryphon Aviary
05:52 Gryphon Aviary
08:53 Farm
08:55 Farm
10:50 Farm
11:50 Farm
12:37 Farm
13:19 Farm
15:07 Farm
15:11 Arcane Vault
15:56 Farm
21:59 Town Hall
22:17 Town Hall
28:20 Town Hall
30:18 Scout Tower
30:21 Scout Tower
30:22 Scout Tower
30:22 Scout Tower
30:23 Scout Tower
30:24 Scout Tower
30:26 Scout Tower
30:32 Scout Tower
30:47 Scout Tower
31:04 Arcane Sanctum
31:07 Guard Tower
31:33 Guard Tower
31:52 Scout Tower
31:53 Scout Tower
31:54 Scout Tower
31:54 Scout Tower
31:55 Scout Tower
31:55 Scout Tower
31:57 Scout Tower
31:58 Scout Tower
31:59 Scout Tower
32:00 Scout Tower
32:01 Scout Tower
32:27 Guard Tower
35:09 Guard Tower
43:09 Keep
43:13 Scout Tower
43:25 Scout Tower
43:27 Scout Tower
43:30 Scout Tower
43:33 Scout Tower
46:36 Watch Tower
» items
| Boots of Speed | 1 | |
| Lesser Clarity Potion | 3 | |
| Healing Salve | 2 | |
| Orb of Lightning | 1 | |
| Scroll of Town Portal | 3 | |
10 total
orc-boner (
orange | 28 APM | 2023 actions | 72:07)
5 Blademaster
2 Wind Walk
3 Critical Strike
» actions
| Basic commands | 58 | |
| Build / train | 129 | |
| Enter build submenu | 91 | |
| Enter hero's abilities submenu | 5 | |
| Give item / drop item | 5 | |
| Right click | 822 | |
| Select / deselect | 670 | |
| Use ability | 243 | |
2023 total
» units
| Peon | 79 | |
| Troll Batrider | 13 | |
| Troll Witch Doctor | 2 | |
| Wind Rider | 1 | |
| Grunt | 2 | |
97 total
» upgrades
| Ranged Weapons | 2 | |
| Liquid Fire | 1 | |
| Reinforced Defenses | 1 | |
4 total
» buildings
| Orc Burrow | 18 | |
| Altar of Storms | 4 | |
| Voodoo Lounge | 1 | |
| War Mill | 1 | |
| Stronghold | 2 | |
| Beastiary | 3 | |
| Fortress | 1 | |
| Great Hall | 4 | |
| Watch Tower | 43 | |
| Barracks | 1 | |
| Spirit Lodge | 1 | |
79 total
» build order
00:14 Orc Burrow
00:17 Altar of Storms
00:21 Orc Burrow
01:18 Voodoo Lounge
01:51 Orc Burrow
03:00 War Mill
03:50 Stronghold
03:51 Stronghold
05:41 Orc Burrow
06:18 Beastiary
06:21 Beastiary
06:24 Beastiary
07:14 Fortress
07:18 Orc Burrow
10:36 Great Hall
10:43 Watch Tower
10:45 Watch Tower
12:29 Barracks
12:32 Watch Tower
13:53 Spirit Lodge
14:57 Watch Tower
14:59 Watch Tower
15:04 Orc Burrow
15:06 Orc Burrow
15:10 Watch Tower
15:15 Orc Burrow
16:56 Orc Burrow
17:06 Orc Burrow
17:16 Orc Burrow
18:51 Watch Tower
18:54 Watch Tower
19:08 Watch Tower
19:13 Watch Tower
19:39 Watch Tower
21:02 Watch Tower
22:56 Great Hall
23:29 Watch Tower
23:32 Watch Tower
25:35 Watch Tower
25:36 Watch Tower
25:39 Watch Tower
26:18 Orc Burrow
27:12 Watch Tower
27:15 Watch Tower
30:05 Watch Tower
30:06 Watch Tower
30:25 Watch Tower
30:28 Watch Tower
31:49 Orc Burrow
31:51 Orc Burrow
32:34 Great Hall
32:40 Watch Tower
32:44 Watch Tower
32:55 Watch Tower
33:01 Watch Tower
33:32 Watch Tower
34:00 Watch Tower
34:03 Great Hall
34:05 Watch Tower
34:08 Watch Tower
35:22 Watch Tower
35:24 Watch Tower
36:54 Altar of Storms
38:24 Watch Tower
38:27 Watch Tower
39:01 Watch Tower
39:03 Watch Tower
39:07 Watch Tower
39:09 Watch Tower
40:04 Watch Tower
40:08 Watch Tower
40:39 Altar of Storms
43:37 Altar of Storms
43:39 Orc Burrow
43:43 Orc Burrow
45:54 Orc Burrow
46:05 Watch Tower
46:07 Watch Tower
48:21 Orc Burrow
» items
| Healing Salve | 2 | |
| Lesser Clarity Potion | 5 | |
| Potion of Healing | 2 | |
| Potion of Mana | 1 | |
| Staff of Teleportation | 1 | |
| Boots of Speed | 1 | |
| Orb of Lightning | 1 | |
| Scroll of Speed | 1 | |
| Potion of Lesser Invulnerability | 1 | |
| Scroll of Town Portal | 1 | |
16 total

»
every-nun. (
pink | 59 APM | 4269 actions | 71:55)
6 Paladin
3 Holy Light
2 Divine Shield
1 Resurrection
2 Beastmaster
1 Summon Bear
1 Summon Hawk
2 Pandaren Brewmaster
1 Breath of Fire
1 Drunken Brawler
» actions
| Assign group hotkey | 162 | |
| Basic commands | 279 | |
| Build / train | 121 | |
| Enter build submenu | 29 | |
| Enter hero's abilities submenu | 10 | |
| Give item / drop item | 10 | |
| Right click | 1421 | |
| Select / deselect | 474 | |
| Select group hotkey | 1544 | |
| Use ability | 219 | |
4269 total
» units
| Peasant | 30 | |
| Sorceress | 2 | |
| Flying Machine | 2 | |
| Gryphon Rider | 4 | |
| Siege Engine | 3 | |
| Mortar Team | 2 | |
| Dragonhawk Rider | 3 | |
46 total
» upgrades
| Masonry | 3 | |
| Lumber Harvesting | 2 | |
| Gunpowder | 3 | |
| Magic Sentry | 1 | |
| Sorceress Training | 2 | |
| Plating | 1 | |
| Flying Machine Bombs | 1 | |
| Flak Cannons | 1 | |
| Barrage | 1 | |
| Swords | 3 | |
| Cloud | 1 | |
19 total
» buildings
| Altar of Kings | 1 | |
| Farm | 11 | |
| Scout Tower | 41 | |
| Arcane Tower | 4 | |
| Lumber Mill | 1 | |
| Guard Tower | 15 | |
| Arcane Vault | 1 | |
| Keep | 2 | |
| Blacksmith | 1 | |
| Castle | 2 | |
| Arcane Sanctum | 1 | |
| Workshop | 3 | |
| Gryphon Aviary | 4 | |
| Town Hall | 3 | |
90 total
» build order
00:08 Altar of Kings
00:21 Farm
00:37 Scout Tower
01:03 Arcane Tower
01:04 Arcane Tower
01:27 Scout Tower
01:31 Lumber Mill
01:50 Farm
01:56 Arcane Tower
01:56 Arcane Tower
02:37 Farm
02:45 Scout Tower
02:46 Scout Tower
02:48 Scout Tower
02:49 Scout Tower
03:21 Guard Tower
03:35 Arcane Vault
04:11 Guard Tower
04:17 Keep
06:04 Blacksmith
06:40 Castle
06:40 Castle
06:52 Scout Tower
06:53 Scout Tower
06:54 Scout Tower
06:55 Scout Tower
06:56 Scout Tower
07:28 Guard Tower
07:43 Arcane Sanctum
08:05 Guard Tower
08:06 Guard Tower
09:24 Farm
09:25 Farm
09:25 Farm
09:27 Farm
09:28 Farm
09:29 Farm
09:30 Farm
09:31 Farm
12:11 Workshop
12:11 Workshop
12:58 Workshop
13:53 Scout Tower
13:54 Scout Tower
13:56 Scout Tower
13:56 Scout Tower
15:09 Scout Tower
15:09 Scout Tower
15:13 Guard Tower
16:01 Guard Tower
20:08 Gryphon Aviary
20:09 Gryphon Aviary
20:10 Gryphon Aviary
20:11 Gryphon Aviary
20:56 Town Hall
20:59 Scout Tower
21:00 Scout Tower
21:00 Scout Tower
21:01 Scout Tower
21:01 Scout Tower
21:02 Scout Tower
21:03 Scout Tower
23:19 Scout Tower
24:35 Scout Tower
24:36 Scout Tower
24:36 Scout Tower
24:37 Scout Tower
24:37 Scout Tower
24:39 Scout Tower
24:39 Scout Tower
25:13 Guard Tower
25:44 Guard Tower
29:02 Town Hall
39:28 Scout Tower
39:29 Scout Tower
39:29 Scout Tower
39:30 Scout Tower
40:02 Guard Tower
40:02 Guard Tower
40:29 Scout Tower
40:29 Scout Tower
40:30 Scout Tower
41:12 Guard Tower
42:09 Keep
42:11 Guard Tower
42:11 Guard Tower
60:36 Town Hall
» items
| Staff of Teleportation | 3 | |
| Ivory Tower | 4 | |
| Potion of Mana | 2 | |
| Orb of Fire | 1 | |
| Tiny Great Hall | 2 | |
| Scroll of Regeneration | 1 | |
| Scroll of Town Portal | 4 | |
| Potion of Lesser Invulnerability | 1 | |
18 total
Verus8 (
purple | 39 APM | 1439 actions | 36:46)
8 Blademaster
3 Wind Walk
3 Critical Strike
1 Bladestorm
1 Mirror Image
» actions
| Basic commands | 93 | |
| Build / train | 93 | |
| Enter build submenu | 42 | |
| Enter hero's abilities submenu | 8 | |
| Give item / drop item | 1 | |
| Right click | 566 | |
| Select / deselect | 545 | |
| Use ability | 91 | |
1439 total
» units
| Peon | 24 | |
| Troll Headhunter/Berserker | 27 | |
| Shaman | 8 | |
| Troll Witch Doctor | 6 | |
65 total
» upgrades
| Ranged Weapons | 3 | |
| Troll Regeneration | 1 | |
| Shaman Training | 2 | |
| Witch Doctor Training | 2 | |
| Armor | 3 | |
| Berserker Upgrade | 1 | |
| Reinforced Defenses | 1 | |
13 total
» buildings
| Altar of Storms | 1 | |
| Orc Burrow | 9 | |
| Barracks | 1 | |
| War Mill | 1 | |
| Stronghold | 1 | |
| Watch Tower | 21 | |
| Voodoo Lounge | 1 | |
| Spirit Lodge | 2 | |
| Fortress | 1 | |
| Great Hall | 4 | |
42 total
» build order
00:09 Altar of Storms
00:15 Orc Burrow
00:58 Barracks
01:25 Orc Burrow
02:07 War Mill
03:28 Stronghold
03:51 Watch Tower
04:27 Voodoo Lounge
05:39 Orc Burrow
05:50 Spirit Lodge
05:53 Fortress
06:38 Orc Burrow
07:18 Spirit Lodge
07:38 Orc Burrow
08:41 Watch Tower
09:59 Orc Burrow
11:11 Orc Burrow
12:39 Great Hall
14:00 Watch Tower
15:16 Watch Tower
16:20 Great Hall
19:51 Watch Tower
19:55 Watch Tower
19:57 Watch Tower
19:58 Watch Tower
20:01 Watch Tower
20:02 Watch Tower
20:03 Watch Tower
24:32 Watch Tower
24:33 Watch Tower
24:50 Orc Burrow
26:29 Orc Burrow
27:23 Watch Tower
27:29 Watch Tower
29:59 Great Hall
32:11 Great Hall
34:34 Watch Tower
34:35 Watch Tower
34:37 Watch Tower
35:14 Watch Tower
35:34 Watch Tower
36:05 Watch Tower
» items
| Healing Salve | 2 | |
| Orb of Lightning | 1 | |
3 total
Chat log
(04:56 / All) Legionary: lvl 1 harassing dumbass
(05:06 / All) Legionary: you could be lvl 3 by now
(05:28 / All) Legionary: I''m not dumb
(05:33 / All) Legionary: You put my team ahead if anything
(06:00 / Allies) EvErY-RaCe: really
(06:33 / All) lIShreborn: yellow :P
(06:40 / All) ramen_noobles: :P
(06:43 / All) lIShreborn: :)
(06:50 / All) lIShreborn: giving me ideas on how to build
(06:53 / Allies) EvErY-RaCe: red can i expo there
(07:07 / All) lIShreborn: mass farms now i wanna see that shit
(07:29 / All) ramen_noobles: i live to serve all believers
(08:01 / All) Verus8: VENGENCE FOR ZULJIN
(08:24 / All) lIShreborn: ty yellow
(08:26 / All) lIShreborn: need lumber?
(08:36 / Allies) Legionary: batbot
(08:59 / All) lIShreborn: ty yellow for ignoring :$
(09:09 / All) ramen_noobles: ?
(09:12 / All) Legionary: that harass was more than you will do all game oj
(09:19 / All) Legionary: shitty lvl 1 ahrassing retard
(10:16 / Allies) EvErY-RaCe: mid
(10:35 / Allies) EvErY-RaCe: griffs
(10:38 / Allies) EvErY-RaCe: for grn
(11:13 / Allies) EvErY-RaCe: helkp
(11:39 / All) Legionary: you having fun lvl 1 harassing trash?
(12:10 / All) Legionary: lol
(12:12 / All) Legionary: nice bats
(12:14 / Allies) Legionary: good work
(13:08 / All) Legionary: Is your tp staff on cd bud?
(13:17 / All) Legionary: What's wrong?
(13:24 / All) lIShreborn: yellow bro
(13:28 / All) lIShreborn: looking esxy
(13:29 / All) lIShreborn: sexy
(13:35 / All) ramen_noobles: ty vm
(13:39 / All) ramen_noobles: bro
(13:43 / All) lIShreborn: LOL
(13:44 / All) lIShreborn: LMFAO
(13:48 / Allies) Legionary: I just killed 4 burrows and almost all of oj's peons with 1 hero
(13:50 / All) lIShreborn: fail
(13:57 / All) lIShreborn: heals hawk instead of archmage
(14:04 / All) EvErY-RaCe: missed
(14:05 / All) EvErY-RaCe: obv
(14:12 / All) EvErY-RaCe: hack more btw
(14:19 / All) lIShreborn: stfu fag
(14:36 / All) lIShreborn: swag
(17:21 / All) Legionary: one of the easiest people I have ever had to harass tbh
(18:52 / All) ramen_noobles: sexy crown green
(18:58 / All) lIShreborn: too powerful
(19:04 / All) lIShreborn: im coming for reds pussy now
(19:12 / All) ramen_noobles: lol
(19:15 / All) lIShreborn: look
(19:16 / All) EvErY-RaCe: k hacker
(19:20 / All) ramen_noobles: k
(19:30 / All) ramen_noobles: wow
(19:33 / All) ramen_noobles: so strong
(19:54 / All) ramen_noobles: 1800 hp
(19:57 / All) Legionary: save your expo purple
(19:58 / All) lIShreborn: SWAQQQQ YELLOW
(20:01 / All) lIShreborn: I LET U CTRL IT
(20:10 / Allies) Legionary: I did more than you niggers all game with 1 hero
(21:16 / All) lIShreborn: yellow i cloud u <3?
(21:25 / All) ramen_noobles: <3
(21:26 / All) lIShreborn: BLUE WAIT PLEASE
(21:29 / All) every-nun.: teal u faggot hacker
(21:36 / All) lIShreborn: fu blue
(22:23 / All) Legionary: I got mh too bud the problem is you suck and that's my advantage
(23:00 / All) lIShreborn: ok blue
(23:05 / All) lIShreborn: have it ur way
(23:26 / All) Legionary: lol
(23:36 / All) Legionary: you suck
(23:40 / All) lIShreborn: !vs 3
(23:47 / All) Legionary: whatever excuse makes you feel better
(25:10 / All) ramen_noobles: go green go
(25:23 / All) lIShreborn: allies :P
(26:04 / Allies) EvErY-RaCe: 100 g?
(26:25 / All) Legionary: oh I forgot the beastiality upgrade
(26:26 / All) lIShreborn: yellow sunny
(26:41 / All) ramen_noobles: :P
(26:46 / All) ramen_noobles: sunny 4 u
(27:11 / All) EvErY-RaCe: hacker down
(27:17 / All) every-nun.: everybody is hacking lolz
(27:39 / All) ramen_noobles: where u get mh dl?
(27:46 / All) Legionary: rotten.com
(27:49 / All) lIShreborn: add kme babe :*
(27:51 / All) Legionary: wc3 hacking site
(28:12 / All) ramen_noobles: ty, i will pumpkin
(28:25 / All) lIShreborn: pm after baby <3
(28:45 / All) ramen_noobles: k <3
(28:59 / All) Legionary: oops canceled that fs
(29:46 / All) Legionary: How much gold do you have?
(29:48 / All) Legionary: I have 7,000 gold
(29:51 / All) lIShreborn: LOL
(29:53 / All) lIShreborn: click me babe
(29:58 / All) Legionary: Oh only 2k
(30:02 / All) lIShreborn: sucks
(30:03 / All) Legionary: I wanted to hear it in your words though
(30:09 / All) lIShreborn: :(
(30:10 / All) lIShreborn: im shy
(30:30 / All) lIShreborn: im fucking shy bra
(30:36 / All) lIShreborn: only to yellow im now
(30:51 / All) Legionary: invisihawk is fun
(30:55 / Allies) EvErY-RaCe: blue 200 gold for an orb?
(30:56 / All) Legionary: I see your pings
(31:01 / All) lIShreborn: Swag
(31:24 / Allies) EvErY-RaCe: need 6 gold lol
(31:30 / Allies) EvErY-RaCe: nvm
(31:53 / Allies) EvErY-RaCe: kill expos
(32:41 / All) Legionary: fight me faggot
(32:54 / All) lIShreborn: :(
(32:54 / All) Legionary: good
(36:34 / All) lIShreborn: this might be game
(36:40 / All) every-nun.: lol
(36:45 / All) lIShreborn: :(
(36:50 / All) Legionary: It's not over yet
(36:56 / All) lIShreborn: okay .. :(
(37:24 / Allies) EvErY-RaCe: lol
(37:26 / All) Legionary: gotta clean up oj though
(37:28 / Allies) ramen_noobles: lol
(37:35 / Allies) ramen_noobles: :P
(37:38 / Allies) Legionary: that is sweet as shit no idea how I didn't notice earlier
(37:42 / Allies) Legionary: looks like out of a custom map
(37:45 / All) Legionary: Then the fun begins
(38:01 / Allies) ramen_noobles: what is sweet as shit
(38:05 / Allies) Legionary: that tower wall
(38:05 / Allies) Legionary: it
(38:07 / Allies) Legionary: looks like
(38:09 / All) every-nun.: for george w bush
(38:10 / Allies) Legionary: it's out of a custom game
(38:10 / Allies) ramen_noobles: thanks
(38:13 / Allies) ramen_noobles: lol
(38:43 / All) lIShreborn: boned
(39:01 / All) lIShreborn: pink tking rofl
(39:12 / All) every-nun.: i do it for george w bush
(39:15 / All) every-nun.: the greatest man of all time
(39:21 / All) every-nun.: ur a hacker
(39:24 / All) lIShreborn: what did i do :o
(40:05 / All) Legionary: that hawk is a dumbass how
(40:08 / All) Legionary: I mean
(40:08 / All) Legionary: wow
(40:34 / Allies) EvErY-RaCe: HAHA
(40:46 / Allies) ramen_noobles: lol
(40:50 / All) every-nun.: im gonna tel lthem
(40:53 / All) every-nun.: they are gonna leave otherwise
(40:54 / All) every-nun.: if i dont
(40:59 / All) every-nun.: LOL
(41:01 / All) every-nun.: wtf
(41:08 / All) Legionary: His base is pro
(41:11 / All) Legionary: Out of a custom game
(41:58 / All) Legionary: That is a glorious structure
(41:59 / All) lIShreborn: :o
(41:59 / All) Legionary: Do not kill it
(42:07 / All) ramen_noobles: lol
(42:17 / All) lIShreborn: i was trying to get in with yelow
(43:37 / All) every-nun.: teal follow the tanks
(43:40 / All) every-nun.: help kill greens base
(43:42 / All) every-nun.: ok bud
(43:46 / All) lIShreborn: LOL
(43:55 / All) EvErY-RaCe: k friend
(43:59 / All) Legionary: Coming to help
(44:09 / All) every-nun.: I DONT THINK BNET'S SERVERS WERE MEANT THIS WAY LOL
(44:13 / All) Legionary: Invisigryphonhawk isn't as good against my fellow mhers
(44:23 / All) every-nun.: ill let ojs bm live
(44:26 / All) Legionary: Cloud for you
(44:37 / All) Legionary: not my hawks
(44:41 / All) Legionary: they are your FRIENDS
(45:17 / All) every-nun.: im gonna give oj gold so he can revive his bm
(45:29 / All) Legionary: Okay, but get 3 heroes
(45:30 / All) Legionary: with tp staffs
(46:17 / All) every-nun.: kill the tanks teal
(47:15 / All) Legionary: stop
(47:16 / All) Legionary: green
(47:25 / All) Legionary: good
(47:25 / All) lIShreborn: sry sir
(47:36 / All) EvErY-RaCe: aha wtf is going on
(47:59 / All) every-nun.: cant revive ur archmage teal?
(48:05 / All) EvErY-RaCe: no food =(
(48:07 / All) lIShreborn: orange is making bm
(48:18 / All) every-nun.: aka teal? im an oldschool 4v4 player i know all players of 4v4rt past and present
(48:37 / All) EvErY-RaCe: have alot...massing-heroes...def_con
(49:17 / All) every-nun.: i switch u orbs blue, fire for frost
(50:03 / All) every-nun.: gl oj
(50:05 / All) every-nun.: lolz
(50:08 / All) every-nun.: he has mh
(50:19 / All) Legionary: also a flying machine now
(50:21 / All) every-nun.: green
(50:22 / All) every-nun.: if u want win
(50:23 / All) Legionary: I always forget they have detection
(50:25 / All) every-nun.: get his bm
(51:03 / All) Legionary: get the flying hawk imo
(51:07 / All) Legionary: Bear is useless not sure why you chose it
(51:11 / All) every-nun.: i let him rebuild and he repays me by going after my hall
(51:12 / All) Legionary: Hawk has detection I think
(51:20 / All) every-nun.: i chose it to help me get an expo
(51:25 / All) Legionary: oh creeping?
(51:28 / All) every-nun.: yes
(51:40 / All) Legionary: You still got a stray bm
(51:41 / All) Legionary: In your base
(51:51 / All) every-nun.: he wont live long
(51:58 / All) ramen_noobles: lol
(52:17 / All) Legionary: what's with your hall placement there?
(52:29 / All) every-nun.: where
(52:32 / All) Legionary: We still got towercraft on our team too
(52:33 / All) Legionary: Top right
(52:35 / All) Legionary: it's misplaced
(52:59 / All) Legionary: Get cloud to kill purple's towers if you want them gone
(53:26 / All) every-nun.: lol
(53:29 / All) every-nun.: bm down
(53:38 / All) every-nun.: arent my halls always misplaced
(53:46 / All) Legionary: yeah
(53:49 / All) Legionary: Why?
(53:59 / All) every-nun.: i dunno, u asked
(54:01 / All) every-nun.: standoff?
(54:03 / All) every-nun.: teal
(54:14 / All) every-nun.: "teal i got a quesiton
(54:17 / All) EvErY-RaCe: ?
(54:26 / All) every-nun.: would you be willing to leave ur computer on all night, and ur internet
(54:31 / All) EvErY-RaCe: LOL NO
(54:39 / All) every-nun.: ah
(54:44 / All) every-nun.: quite a delimma then
(54:45 / All) Legionary: I suppose no standoff then
(55:00 / All) Legionary: At least he was honest
(55:05 / All) Legionary: My team still has teal and yellow though
(55:08 / All) every-nun.: maybe he is "tricking" us
(55:08 / All) Legionary: So I think we have no choice
(55:14 / All) every-nun.: yea lets just do a standoff lolz
(55:19 / All) EvErY-RaCe: hahaha
(55:30 / All) lIShreborn: u guys know clan tdt?
(55:41 / All) Legionary: This game still has people playing and clans?
(55:48 / All) Legionary: Does it have any of the 1k WC3 players in it?
(56:13 / All) every-nun.: completely forgot about purple
(56:19 / All) Legionary: Yellow too
(57:00 / Allies) ramen_noobles: should i bring my mortars out?
(57:06 / Allies) EvErY-RaCe: ahahhaha
(57:09 / Allies) Legionary: no
(57:11 / All) every-nun.: so green was amher?
(57:14 / Allies) Legionary: it looks pretty
(57:17 / All) Legionary: yes
(57:19 / Allies) ramen_noobles: lol
(57:23 / All) every-nun.: u could tell that if both of u have it?
(57:23 / Allies) Legionary: you'll ruin the aesthetic
(57:31 / Allies) ramen_noobles: k
(58:03 / All) Legionary: tp staff
(58:11 / All) every-nun.: who?
(58:14 / All) Legionary: mid
(58:15 / All) Legionary: mk
(58:43 / All) Legionary: killing a level 7 paladin is always a bitch
(59:14 / All) Legionary: I thought you'd kill his heroes at your expo
(59:14 / All) EvErY-RaCe: lv 3 inv =D
(59:17 / All) every-nun.: ye si should have got mk
(59:21 / All) Legionary: and paladin
(59:22 / All) EvErY-RaCe: yellow hepl
(59:23 / All) EvErY-RaCe: HAHA
(59:24 / All) Legionary: now I have no food left
(59:32 / All) ramen_noobles: lol
(60:27 / Allies) ramen_noobles: why u atking teal
(60:29 / Allies) ramen_noobles: blue
(60:37 / All) Legionary: fucking god damn retard jake why didn't you kill his heroes at the expo
(60:41 / All) Legionary: tempted to just leave now
(60:52 / All) every-nun.: what happened
(60:57 / Allies) ramen_noobles: teal
(60:58 / All) Legionary: you let them kill your towers
(60:59 / Allies) ramen_noobles: why he atking u
(61:09 / All) every-nun.: my towers?
(61:12 / All) Legionary: no shit
(61:31 / All) every-nun.: i thought it was over
(61:37 / All) Legionary: you have to kill heroes
(61:39 / All) Legionary: fucking retard
(62:02 / All) Legionary: you wouldn't believe how tempted I am to altqq and your dumbass isn't even help chase them
(62:02 / All) every-nun.: ok where are they
(62:30 / All) every-nun.: want me to kill yellow or teals heros
(62:37 / All) Legionary: lol
(63:06 / All) Legionary: I'm goign afk until you clean up the mess you made
(63:29 / Allies) EvErY-RaCe: lol yellow
(63:33 / Allies) EvErY-RaCe: u need to kil pink
(63:35 / Allies) EvErY-RaCe: not purp
(64:17 / Allies) ramen_noobles: lol
(66:29 / All) every-nun.: if only i got an mk
(66:52 / All) Legionary: I just alt tabbed in
(66:56 / All) Legionary: Yellow is starting the mass exodus
(67:01 / All) EvErY-RaCe: ahhhaha
(67:04 / All) Legionary: Of 43 peasants
(67:09 / All) Legionary: They are running to kill the bourgeoisie
(67:15 / All) Legionary: Trying to start a proletariat revolution
(67:34 / All) Legionary: Alas the leaders shall put them down like the fascist pigs they are, and the communist revolution shall be stopped, and this is
(67:37 / All) Legionary: not 1917
(68:13 / All) Legionary: almost
(70:22 / Allies) ramen_noobles: why is blue atking u teal
(70:27 / All) Legionary: he went to yellow
(70:37 / Allies) EvErY-RaCe: use ur towers
(70:41 / Allies) EvErY-RaCe: wen blue comes
(70:48 / Allies) Legionary: yes use them to kill the teal heroes
(70:49 / Allies) ramen_noobles: why he atk u
(70:54 / Allies) Legionary: also I have cloud anyway retard
(70:58 / Allies) EvErY-RaCe: he friends with pink
(71:03 / Allies) ramen_noobles: i see
(71:04 / Allies) ramen_noobles: lol
(71:04 / All) Legionary: kill yellow I got cloud
(71:10 / All) EvErY-RaCe: LOL
(71:22 / All) Legionary: goggogoogogogogogog
(71:24 / All) Legionary: kill yellow
(71:25 / All) Legionary: cloud
(71:36 / All) Legionary: WHAT THE FUCK
(71:41 / All) EvErY-RaCe: HAHAH
(71:44 / All) Legionary: WHY DID YOU KILL MY HAWK
(71:46 / All) Legionary: GOD FUCKING RETARD
(71:51 / All) every-nun.: lol
(72:00 / All) Legionary: lol
(72:04 / All) ramen_noobles: lol
(72:06 / All) Legionary: well good luck buds